 Dungeon Crawl Stone Soup version 0.31-a0-1300-gb6740aa4e6 (webtiles) character file.

Game seed: 6310489111546175417

39949 jlumianski the Nimble (level 14, -4/129 HPs)
             Began as a Gnoll Shapeshifter on Dec 16, 2023.
             Was an Elder of Wu Jian.
             Shot with an arrow by Nessos (5 damage)
             ... on level 3 of the Lair of Beasts on Dec 19, 2023.
             The game lasted 02:06:14 (22281 turns).

jlumianski the Nimble (Gnoll Shapeshifter)         Turns: 22281, Time: 02:06:16

Health: -4/129     AC:  9    Str: 19    XL:     14   Next: 8%
Magic:  27/27      EV: 14    Int: 20    God:    Wu Jian [****..]
Gold:   665        SH:  5    Dex: 12    Spells: 7/31 levels left

rFire   . .          .
                       - Unarmed
rCold   . . .        (shield currently unavailable)
rNeg    + . .        g - melded +0 ring mail
rPois   +            (helmet currently unavailable)
rElec   .            (cloak currently unavailable)
rCorr   .            (gloves currently unavailable)
SInv    +            (boots currently unavailable)
Will    +....        D - amulet of the Worm {Reflect SH+5 SInv}
Stlth   ++++         e - ring of positive energy
HPRegen 0.41/turn    f - +6 ring of intelligence
MPRegen 0.20/turn

%: reflection
@: lethally poisoned (-4 -> -35), snake-form, studying Dodging
A: constrict, boosted hp, large, (fangs 1), strong nose, distributed training
a: Begin Untransformation, Renounce Religion, Wall Jump, Serpent's Lash


You were on level 3 of the Lair of Beasts.
You worshipped Wu Jian.
Wu Jian was greatly pleased with you.
You were an enormous serpent.
You visited 4 branches of the dungeon, and saw 20 of its levels.

You collected 2082 gold pieces.
You spent 1417 gold pieces at shops.

Inventory:

Missiles
 c - a curare-tipped dart
 k - 9 poisoned darts
Armour
 a - a +0 hat
 g - a +0 ring mail (melded)
Jewellery
 e - a ring of positive energy (left hand)
 f - a +6 ring of intelligence (right hand)
 s - a ring of ice
 D - the amulet of the Worm (around neck) {Reflect SH+5 SInv}
   (You acquired it on level 7 of the Dungeon)

   [amulet of reflection]

   Reflect:   It reflects blocked missile attacks.
   SInv:      It lets you see invisible.
   SH+5:      It affects your SH (+5).
 F - an amulet of the acrobat
 G - a ring of ice
 S - an amulet of guardian spirit
Talismans
 h - a serpent talisman (active)
Wands
 j - a wand of polymorph (14)
 w - a wand of flame (44)
 x - a wand of paralysis (1)
 y - a wand of digging (6)
 K - a wand of iceblast (12)
 M - a wand of mindburst (18)
Scrolls
 l - 2 scrolls of enchant armour
 o - a scroll of vulnerability
 p - 4 scrolls of fear
 r - 2 scrolls of identify
 t - a scroll of amnesia
 u - 2 scrolls of poison
 B - 8 scrolls of teleportation
 C - 4 scrolls of fog
 L - 2 scrolls of blinking
 P - 2 scrolls of butterflies
Potions
 b - 3 potions of lignification
 d - 3 potions of brilliance
 i - 3 potions of resistance
 m - a potion of ambrosia
 n - a potion of mutation
 q - 2 potions of berserk rage
 v - 2 potions of curing
 I - 2 potions of heal wounds
 J - 4 potions of attraction
 Q - 2 potions of haste
 R - a potion of magic
 V - 3 potions of cancellation


   Skills:
 + Level 9.4 Fighting
 + Level 9.0 Short Blades
 + Level 9.0 Long Blades
 + Level 9.0 Axes
 + Level 9.0 Maces & Flails
 + Level 9.0 Polearms
 + Level 9.0 Staves
 + Level 9.0 Ranged Weapons
 + Level 9.0 Throwing
 + Level 9.0 Armour
 + Level 12.2 Dodging
 + Level 9.0 Stealth
 + Level 9.0 Shields
 + Level 11.1 Unarmed Combat
 + Level 9.0 Spellcasting
 + Level 7.5 Conjurations
 + Level 7.5 Hexes
 + Level 7.5 Summonings
 + Level 7.5 Necromancy
 + Level 7.5 Translocations
 + Level 7.5 Transmutations
 + Level 7.5 Fire Magic
 + Level 7.5 Ice Magic
 + Level 7.5 Air Magic
 + Level 7.5 Earth Magic
 + Level 7.5 Poison Magic
 + Level 9.9 Invocations
 + Level 9.0 Evocations
 + Level 10.6 Shapeshifting


You had 7 spell levels left.
You knew the following spells:

 Your Spells              Type           Power      Damage    Failure   Level
a - Blink                 Tloc           78%        N/A       1%          2
b - Momentum Strike       Conj/Tloc      78%        3d10      1%          2
c - Lesser Beckoning      Tloc           78%        N/A       1%          2
d - Frozen Ramparts       Ice            78%        1d12      1%          3
e - Ozocubu's Armour      Ice            39%        N/A       1%          3
f - Stone Arrow           Conj/Erth      78%        3d11      1%          3
g - Call Imp              Summ           78%        N/A       1%          2
h - Mephitic Cloud        Conj/Pois/Air  39%        N/A       1%          3
i - Petrify               Tmut/Erth      39%        N/A       3%          4

Your spell library contained the following spells:

 Spells                   Type           Power      Damage    Failure   Level
 Magic Dart               Conj           100%       1d8       1%          1
 Shock                    Conj/Air       100%       1d9       1%          1
 Swiftness                Air            39%        N/A       1%          3
 Airstrike                Air            19%        2d(3-19)  3%          4
 Animate Armour           Summ/Erth      78%        N/A       3%          4
 Leda's Liquefaction      Tmut/Erth      19%        N/A       3%          4
 Metabolic Englaciation   Hex/Ice        19%        N/A       10%         5
 Ozocubu's Refrigeration  Ice            19%        4d11      96%         7
 Lehudib's Crystal Spear  Conj/Erth      19%        10d6      100%        8


Dungeon Overview and Level Annotations

Branches:
Dungeon (14/15)            Temple (1/1) D:6            Lair (3/5) D:10
 Shoals (0/4) Lair:2       Spider (0/4) Lair:2          Orc (2/2) D:12
    Elf: Orc:2       Vaults: D:13-14

Altars:
Ashenzari
Cheibriados
Dithmenos
Elyvilon
Fedhas
Gozag
Hepliaklqana
Kikubaaqudgha
Makhleb
Nemelex Xobeh
Okawaru
Qazlal
Ru
Sif Muna
Trog
Uskayaw
Vehumet
Wu Jian
Xom
Yredelemnul
Zin
The Shining One

Shops:
D:1 (!:   D:3 *=!!:   D:10 [   D:11 **   D:12 *   Orc:1 *   Orc:2 =

Annotations:
Lair:3 Nessos


Innate Abilities, Weirdness & Mutations

You are an enormous serpent.
You have a powerful constriction melee attack.
Your maximum health is increased.
Your armour is entirely melded.
You are incapable of wielding weapons or throwing items.
((You have very sharp teeth.))
Your uncanny sense of smell can sniff out nearby items.
Your experience applies equally to all skills.


Message History

HP restored.
You climb downwards.
Level annotation: Nessos
There is a stone staircase leading up, spattered with blood here.
Nessos gestures wildly while chanting.
Nessos blinks!
You see here a book of Air.
You pick up a book of Air and begin reading...
You add the spells Shock, Swiftness and Airstrike to your library.
Nessos shoots an arrow.
The arrow hits you!! The arrow burns you!
You are poisoned.
Nessos intently looks at you, slowly moving their tail.
Nessos casts a spell.
Nessos blinks!
You feel very sick.
Nessos pounds the earth with their hooves.
Nessos shoots an arrow.
The arrow hits you! The arrow burns you.
You are more poisoned.
You feel very sick.
Nessos shoots an arrow.
The arrow hits you! The arrow burns you.
You feel very sick.
Nessos mumbles some strange words.
Nessos seems to speed up.
You feel very sick.
Nessos shoots an arrow.
The arrow hits you!
* * * LOW HITPOINT WARNING * * *
The arrow burns you.
* * * LOW HITPOINT WARNING * * *
You feel sick.
Nessos shoots an arrow.
The arrow hits you!
* * * LOW HITPOINT WARNING * * *
The arrow burns you.
* * * LOW HITPOINT WARNING * * *
There is a stone staircase leading up, spattered with blood here.
You feel sick.
Nessos shoots an arrow.
The arrow barely misses you.
Nessos intently looks at you, slowly moving their tail.
Nessos shoots an arrow.
The arrow hits you!
* * * LOW HITPOINT WARNING * * *
The arrow burns you.
You are more poisoned.
You die...

.. ...# .## ...# ..#
...## .## ∆ #...#
... ....# ... .
#...# ..# ...
###...### .#
.....#####.......#.#
..#
.......S...........§
.##
....................
.#
.....#.##...........
.# ....
###......c....# .#
... ##..........#
..# .. #.........##
.## . ..........#
#..........#


You could see Nessos (fast).

Vanquished Creatures
  Jorgrun (Orc:1)
  Gastronok (D:11)
  Josephine (Lair:2)
  3 hydras
  3 centaur warriors (D:13)
  An ogre mage (D:12)
  4 two-headed ogres
  A tengu warrior (D:8)
  A slime creature (D:12)
  An ugly thing (D:13)
  2 cyclopes
  2 manticores (D:11)
  4 elephants
  Joseph (D:8)
  A black mamba (Lair:1)
  A kobold blastminer (Orc:1)
  6 cane toads
  An unseen horror (D:12)
  10 komodo dragons
  An efreet (D:13)
  A polar bear (Lair:1)
  6 trolls
  3 blink frogs
  4 wyverns
  A vampire (D:12)
  Sigmund (D:6)
  A basilisk (D:12)
  43 yaks
  5 steam dragons
  6 wraiths
  A hog (shapeshifter) (D:13)
  3 redbacks (Lair:2)
  Grum (D:11)
  6 vampire mosquitoes
  An acid dragon (D:8)
  12 water moccasins
  A sky beast (D:6)
  5 orc warriors
  2 black bears (D:8)
  5 ogres
  2 ice beasts
  12 wolves
  11 centaurs
  A phantom (D:5)
  4 kobold brigands
  Blork the orc (D:6)
  8 bullfrogs
  3 scorpions
  3 wights (D:8)
  A water moccasin zombie (D:7)
  12 killer bees
  An electric eel (Lair:1)
  6 howler monkeys
  2 centaur zombies (D:7)
  A bullfrog zombie (D:7)
  4 hounds
  4 jellies
  Crazy Yiuf (D:2)
  A gnoll bouda (D:9)
  7 orc priests
  A sleepcap (D:6)
  16 iguanas
  15 orc wizards
  2 killer bee zombies (D:7)
  2 howler monkey zombies (D:7)
  13 gnolls
  8 adders
  A white imp (D:7)
  A dart slug (D:1)
  62 orcs
  8 ball pythons
  6 bats
  A bat zombie (D:10)
  3 endoplasms
  2 giant cockroaches
  10 goblins
  6 hobgoblins
  2 jackals (D:2)
  12 kobolds
  19 frilled lizards
  3 rats (D:1)
  2 rat zombies (D:10)
434 creatures vanquished.

Notes
Turn   | Place    | Note
-------+----------+-------------------------------------------
     0 | D:1      | jlumianski the Gnoll Shapeshifter began the quest for the
                  | Orb.
     0 | D:1      | Reached XP level 1. HP: 17/17 MP: 1/1
   153 | D:1      | Reached XP level 2. HP: 23/23 MP: 2/2
   159 | D:1      | Upgraded the game from 0.31-a0-1237-gabc64e778c to
                  | 0.31-a0-1278-g11c5b68f87
   449 | D:2      | Reached XP level 3. HP: 19/28 MP: 3/3
   481 | D:2      | Reached skill level 1 in Invocations
   485 | D:2      | Reached skill level 1 in Short Blades
   485 | D:2      | Reached skill level 1 in Long Blades
   485 | D:2      | Reached skill level 1 in Axes
   485 | D:2      | Reached skill level 1 in Maces & Flails
   485 | D:2      | Reached skill level 1 in Polearms
   485 | D:2      | Reached skill level 1 in Staves
   485 | D:2      | Reached skill level 1 in Ranged Weapons
   485 | D:2      | Reached skill level 1 in Throwing
   485 | D:2      | Reached skill level 1 in Armour
   485 | D:2      | Reached skill level 1 in Stealth
   485 | D:2      | Reached skill level 1 in Shields
   485 | D:2      | Reached skill level 1 in Spellcasting
   485 | D:2      | Reached skill level 1 in Evocations
   486 | D:2      | Reached XP level 4. HP: 20/34 MP: 3/5
   553 | D:2      | Found a runed translucent door.
   554 | D:2      | Noticed Crazy Yiuf
   748 | D:1      | Found Gyadel's Book Emporium.
   865 | D:1      | Found a faded altar of an unknown god.
   938 | D:1      | Reached skill level 1 in Conjurations
   938 | D:1      | Reached skill level 1 in Hexes
   938 | D:1      | Reached skill level 1 in Summonings
   938 | D:1      | Reached skill level 1 in Necromancy
   938 | D:1      | Reached skill level 1 in Translocations
   938 | D:1      | Reached skill level 1 in Transmutations
   938 | D:1      | Reached skill level 1 in Fire Magic
   938 | D:1      | Reached skill level 1 in Ice Magic
   938 | D:1      | Reached skill level 1 in Air Magic
   938 | D:1      | Reached skill level 1 in Earth Magic
   938 | D:1      | Reached skill level 1 in Poison Magic
   970 | D:1      | Found Qiynior's Antique Weapon Shop.
  1091 | D:1      | Found Mekledi's Distillery.
  1097 | D:1      | Bought a potion of berserk rage for 70 gold pieces
  1882 | D:2      | Killed Crazy Yiuf
  1883 | D:2      | Reached XP level 5. HP: 31/40 MP: 5/7
  2075 | D:3      | Found Haty's Jewellery Shoppe.
  2202 | D:3      | Found Xegaamn's Distillery.
  2431 | D:4      | Reached XP level 6. HP: 35/47 MP: 8/8
  2490 | D:5      | Entered Level 5 of the Dungeon
  2914 | D:4      | You fall into a shaft and drop 2 floors!
  2963 | D:6      | Noticed Blork the orc
  2974 | D:6      | Killed Blork the orc
  2975 | D:6      | Reached skill level 5 in Dodging
  3192 | D:6      | Noticed Sigmund
  3208 | D:6      | Found a staircase to the Ecumenical Temple.
  3213 | D:6      | Killed Sigmund
  3214 | D:6      | Reached XP level 7. HP: 13/52 MP: 10/10
  3231 | Temple   | Entered the Ecumenical Temple
  3469 | D:5      | Reached XP level 8. HP: 34/60 MP: 12/12
  3731 | D:4      | Learned a level 2 spell: Blink
  3734 | D:4      | Learned a level 2 spell: Momentum Strike
  3862 | D:3      | Found Gaimeij's Book Shop.
  4100 | D:3      | Found Suischang's General Store.
  4181 | D:3      | Found Goegutif's Distillery.
  4185 | D:3      | Bought a potion of heal wounds for 55 gold pieces
  5143 | D:7      | Identified a scroll of acquirement
  5144 | D:7      | Acquired the amulet of the Worm {Reflect SH+5 SInv}
  5213 | D:7      | Reached skill level 6 in Dodging
  5330 | D:7      | Reached XP level 9. HP: 13/66 MP: 14/14
  5549 | D:6      | Reached skill level 5 in Fighting
  5774 | D:6      | Learned a level 2 spell: Lesser Beckoning
  5886 | D:6      | Found a stormy altar of Qazlal.
  6510 | D:8      | Noticed Joseph
  6687 | D:7      | Reached skill level 5 in Invocations
  6830 | D:7      | Found a blossoming altar of Fedhas.
  6886 | D:7      | Reached XP level 10. HP: 69/75 MP: 13/17
  6892 | D:7      | Reached skill level 5 in Short Blades
  6892 | D:7      | Reached skill level 5 in Long Blades
  6892 | D:7      | Reached skill level 5 in Axes
  6892 | D:7      | Reached skill level 5 in Maces & Flails
  6892 | D:7      | Reached skill level 5 in Polearms
  6892 | D:7      | Reached skill level 5 in Staves
  6892 | D:7      | Reached skill level 5 in Ranged Weapons
  6892 | D:7      | Reached skill level 5 in Throwing
  6892 | D:7      | Reached skill level 5 in Armour
  6892 | D:7      | Reached skill level 5 in Stealth
  6892 | D:7      | Reached skill level 5 in Shields
  6892 | D:7      | Reached skill level 5 in Spellcasting
  6892 | D:7      | Reached skill level 5 in Evocations
  7074 | D:8      | Killed Joseph
  7352 | D:7      | Learned a level 3 spell: Frozen Ramparts
  7356 | D:7      | Learned a level 3 spell: Ozocubu's Armour
  7473 | D:7      | Reached skill level 7 in Dodging
  7595 | D:7      | Found a basalt altar of Yredelemnul.
  7911 | D:8      | Acquired 1009 gold pieces
  7913 | D:8      | Upgraded the game from 0.31-a0-1278-g11c5b68f87 to
                  | 0.31-a0-1300-gb6740aa4e6
  8097 | D:8      | Found an ornate altar of the Wu Jian Council.
  8107 | D:8      | Became a worshipper of the Wu Jian Council
  8686 | D:9      | Noticed a two-headed ogre
  8836 | D:3      | Bought a manual of Dodging for 1120 gold pieces
  9020 | D:8      | Learned a level 3 spell: Stone Arrow
  9392 | D:8      | HP: 3/78 [two-headed ogre/+0 giant spiked club (13)]
  9394 | D:8      | Killed a two-headed ogre
  9725 | D:9      | Reached XP level 11. HP: 83/83 MP: 19/19
  9907 | D:9      | Noticed a tengu warrior
 10052 | D:8      | Killed a tengu warrior
 10053 | D:8      | Reached skill level 8 in Dodging
 10053 | D:8      | Reached skill level 5 in Conjurations
 10053 | D:8      | Reached skill level 5 in Hexes
 10053 | D:8      | Reached skill level 5 in Summonings
 10053 | D:8      | Reached skill level 5 in Necromancy
 10053 | D:8      | Reached skill level 5 in Translocations
 10053 | D:8      | Reached skill level 5 in Transmutations
 10053 | D:8      | Reached skill level 5 in Fire Magic
 10053 | D:8      | Reached skill level 5 in Ice Magic
 10053 | D:8      | Reached skill level 5 in Air Magic
 10053 | D:8      | Reached skill level 5 in Earth Magic
 10053 | D:8      | Reached skill level 5 in Poison Magic
 10336 | D:10     | Entered Level 10 of the Dungeon
 10339 | D:10     | Found a staircase to the Lair.
 10417 | D:10     | Reached * piety under Wu Jian
 10525 | D:10     | Found a bloodstained altar of Trog.
 10546 | D:11     | Noticed a manticore
 10556 | D:11     | Killed a manticore
 11355 | D:10     | Reached skill level 9 in Dodging
 11610 | D:10     | Found Epuuddeo's Antique Armour Boutique.
 12021 | D:10     | Found an ancient bone altar of Kikubaaqudgha.
 12112 | D:11     | Noticed a manticore
 12118 | D:11     | Killed a manticore
 12371 | D:11     | Found Tuaplija's General Store.
 12373 | D:11     | Found Meum's Specific Store.
 12423 | D:11     | Noticed Gastronok
 12642 | Lair:1   | Entered Level 1 of the Lair of Beasts
 12741 | D:10     | Reached XP level 12. HP: 48/91 MP: 22/22
 13332 | Lair:1   | Found an opulent altar of Gozag.
 13347 | Lair:1   | Reached ** piety under Wu Jian
 13788 | Lair:1   | HP: 4/104 [iguana (12)]
 14356 | D:11     | Learned a level 2 spell: Call Imp
 14360 | D:11     | Learned a level 3 spell: Mephitic Cloud
 14388 | D:11     | Reached skill level 10 in Dodging
 14404 | D:11     | Reached skill level 10 in Unarmed Combat
 14441 | D:11     | Noticed Grum
 14450 | D:11     | Killed Grum
 14824 | D:11     | Killed Gastronok
 14988 | D:12     | Found Vaaluraq's Assorted Antiques.
 15008 | D:12     | Bought a scroll of blinking for 172 gold pieces
 15375 | D:13     | Noticed a five-headed hydra
 15389 | D:13     | Killed a five-headed hydra
 15597 | D:12     | Noticed a two-headed ogre
 15598 | D:12     | Noticed a two-headed ogre
 15599 | D:12     | Noticed an ogre mage
 15600 | D:12     | Noticed a two-headed ogre
 15605 | D:12     | Killed a two-headed ogre
 15610 | D:12     | Killed a two-headed ogre
 15612 | D:12     | Killed an ogre mage
 15622 | D:12     | Killed a two-headed ogre
 15767 | D:12     | Reached XP level 13. HP: 99/99 MP: 16/25
 16231 | D:12     | Found a staircase to the Orcish Mines.
 16421 | D:12     | Reached *** piety under Wu Jian
 16535 | D:12     | Reached skill level 11 in Dodging
 16580 | D:12     | Learned a level 4 spell: Petrify
 16618 | D:13     | Reached skill level 10 in Shapeshifting
 18313 | D:13     | HP: 6/120 [centaur warrior/arrow (8)]
 18586 | Orc:1    | Entered Level 1 of the Orcish Mines
 18664 | Orc:1    | Noticed Jorgrun
 18829 | Orc:1    | Killed Jorgrun
 19002 | Orc:1    | Found Onwok's Overcharged Wands.
 19068 | Orc:2    | Entered Level 2 of the Orcish Mines
 19068 | Orc:2    | Found Adamor's Jewellery Boutique.
 19658 | Lair:1   | Reached **** piety under Wu Jian
 20734 | Lair:2   | Found a staircase to the Shoals.
 20893 | Lair:2   | Reached skill level 12 in Dodging
 21310 | Lair:2   | Found a hole to the Spider Nest.
 21406 | Lair:2   | Reached XP level 14. HP: 64/108 MP: 19/26
 22084 | Lair:3   | Noticed Josephine
 22114 | Lair:3   | Noticed Nessos
 22128 | Lair:2   | Killed Josephine
 22281 | Lair:3   | HP: 1/129 [Nessos/arrow (16)]
 22281 | Lair:3   | Shot with an arrow by Nessos

Illustrated notes

Levels and vault maps discovered:
D:1:      minmay_arrival_four_loops, layout_basic,
          shapermc_ecumenical_altar_petra, serial_shops, shop,
          nicolae_shop_rolling_square, nicolae_shop_window_shopping,
          serial_bayou_pond_d
D:2:      layout_loops_ring, uniq_crazy_yiuf_cottage
D:3:      layout_basic, serial_shops, shop, shop, nicolae_shop_back_alley_shop,
          shop_fountains, nicolae_shop_waterfront, kennysheep_crisscross
D:4:      layout_cave_pods, portal_sewer_entry_d
D:5:      cheibrodos_helix_gallery, layout_rooms
D:6:      layout_layer_cave, nicolae_qazlal_style_of_elements,
          minmay_temple_entry_trees, uniq_blork_the_orc, uniq_sigmund
D:7:      layout_rooms, nicolae_yredelemnul_corpse_copse,
          mainiacjoe_overflow_alcove_1
D:8:      minmay_skewed_foursquare, layout_rooms, nzn_wu_jian_contemplation,
          uniq_joseph
D:9:      layout_rooms
D:10:     layout_basic, kennysheep_little_box,
          lemuel_zombie_altar_kikubaaqudgha, dpeg_oklobed_lair, serial_shops,
          nicolae_shop_overgrown_old_shop
D:11:     layout_roguey, nicolae_specific_store, fungi_pond_lemuel, uniq_grum,
          uniq_gastronok
D:12:     layout_basic, erik_orc_3, serial_shops, nicolae_stop_n_shop_2
D:13:     layout_roguey, hangedman_vaults_entry_quadrant_bands
D:14:     layout_cave_pools, serial_rivers, chequers_serial_rivers_micro_d,
          chequers_serial_rivers_room_a, chequers_serial_rivers_large_b,
          chequers_serial_rivers_micro_d, chequers_serial_rivers_room_a,
          chequers_serial_rivers_micro_c, minmay_fractal_squares_5
Temple:   minmay_temple_bridge_d
Lair:1:   lemuel_reptile_caves, layout_chaotic_city, gauntlet_entry_generic,
          lemuel_centaur_altar
Lair:2:   layout_cave_pods, elwin_shoals_entry_rocks, spider_nest_entry_webs
Lair:3:   layout_small_grid, kennysheep_snail_temple, serial_bayou_shore_b,
          uniq_snorg, uniq_josephine, uniq_nessos
Orc:1:    layout_diamond_mine, basic_altar, serial_shops, shop_fountains,
          statue_in_the_mist_lemuel, nicolae_shop_overcharged_wands, uniq_erica,
          uniq_jorgrun
Orc:2:    st_orc_open, layout_caves, uniq_donald

Skill      XL: |  1  2  3  4  5  6  7  8  9 10 11 12 13 14 |
---------------+-------------------------------------------+-----
Invocations    | 1 2 3 4 5 6 7 8 9 |  9.9
Short Blades   | 1 2 3 4 5 6 8 9 |  9.0
Long Blades    | 1 2 3 4 5 6 8 9 |  9.0
Axes           | 1 2 3 4 5 6 8 9 |  9.0
Maces & Flails | 1 2 3 4 5 6 8 9 |  9.0
Polearms       | 1 2 3 4 5 6 8 9 |  9.0
Staves         | 1 2 3 4 5 6 8 9 |  9.0
Ranged Weapons | 1 2 3 4 5 6 8 9 |  9.0
Throwing       | 1 2 3 4 5 6 8 9 |  9.0
Armour         | 1 2 3 4 5 6 8 9 |  9.0
Stealth        | 1 2 3 4 5 6 8 9 |  9.0
Shields        | 1 2 3 4 5 6 8 9 |  9.0
Spellcasting   | 1 2 3 4 5 6 8 9 |  9.0
Evocations     | 1 2 3 4 5 6 8 9 |  9.0
Conjurations   | 1 2 3 4 5 6 7 |  7.5
Hexes          | 1 2 3 4 5 6 7 |  7.5
Summonings     | 1 2 3 4 5 6 7 |  7.5
Necromancy     | 1 2 3 4 5 6 7 |  7.5
Translocations | 1 2 3 4 5 6 7 |  7.5
Transmutations | 1 2 3 4 5 6 7 |  7.5
Fire Magic     | 1 2 3 4 5 6 7 |  7.5
Ice Magic      | 1 2 3 4 5 6 7 |  7.5
Air Magic      | 1 2 3 4 5 6 7 |  7.5
Earth Magic    | 1 2 3 4 5 6 7 |  7.5
Poison Magic   | 1 2 3 4 5 6 7 |  7.5
Fighting       | 3 4 5 6 7 8 9 |  9.4
Dodging        | 5 6 7 9 10 12 | 12.2
Unarmed Combat | 7 8 9 10 11 | 11.1
Shapeshifting  | 7 8 9 10 | 10.6

Action                     |  1- 3 |  4- 6 |  7- 9 | 10-12 | 13-15 || total
---------------------------+-------+-------+-------+-------+-------++-------
  Melee: Unarmed           |    34 |   118 |   188 |   476 |   412 ||  1228
         Constrict         |     5 |    23 |    36 |   114 |    70 ||   248
   Cast: Momentum Strike   |       |       |    16 |     4 |       ||    20
         Lesser Beckoning  |       |       |     2 |     3 |       ||     5
         Frozen Ramparts   |       |       |       |    23 |     3 ||    26
         Ozocubu's Armour  |       |       |       |    21 |     2 ||    23
         Blink             |       |       |       |     8 |     7 ||    15
         Stone Arrow       |       |       |       |     9 |     1 ||    10
         Mephitic Cloud    |       |       |       |     8 |     9 ||    17
         Call Imp          |       |       |       |     2 |     3 ||     5
         Petrify           |       |       |       |       |     3 ||     3
Ability: Lunge             |       |       |       |    39 |    34 ||    73
         Whirlwind         |       |       |       |    10 |    56 ||    66
         Wall Jump         |       |       |       |     5 |    67 ||    72
  Evoke: Wand              |       |       |       |     1 |     2 ||     3
    Use: Scroll            |       |     8 |     4 |    10 |     1 ||    23
         Potion            |       |       |     4 |     4 |     3 ||    11
   Stab: Sleeping          |       |     4 |     4 |     8 |     6 ||    22
         Distracted        |       |       |       |     2 |     2 ||     4
         Confused          |       |       |       |     2 |     7 ||     9
 Armour: Animal skin       |     2 |       |       |       |       ||     2
         Skin              |    14 |    69 |   123 |   326 |   310 ||   842
         Ring mail         |     6 |       |       |       |       ||     6
  Dodge: Dodged            |    19 |    57 |    90 |   257 |   254 ||   677
  Block: Other             |       |       |    17 |   105 |    78 ||   200
         Reflection        |       |       |     1 |     6 |     9 ||    16
   Form: Serpent           |     1 |       |       |       |       ||     1

Table legend: (Time is in decaauts)
 A = Elapsed time spent in this place.
 B = Non-inter-level travel time spent in this place.
 C = Inter-level travel time spent in this place.
 D = Time resting spent in this place.
 E = Time spent auto-exploring this place.
 F = Levels seen in this place.
 G = Mean time per level.
                   A        B        C        D        E       F      G
               +--------+--------+--------+--------+--------+-----+--------+
         Total |  22326 |  21249 |   1077 |   4121 |  10353 |  20 | 1116.3 |
       Dungeon |  17828 |  16893 |    935 |   3561 |   7987 |  14 | 1273.4 |
        Temple |    156 |     87 |     69 |      0 |      0 |   1 |  156.0 |
          Lair |   3774 |   3702 |     72 |    410 |   2165 |   3 | 1258.0 |
  Orcish Mines |    567 |    567 |      0 |    150 |    201 |   2 |  283.5 |
               +--------+--------+--------+--------+--------+-----+--------+

Top non-repeatable levels by time:
    D:10: 2324 daAuts
    D:12: 2146 daAuts
     D:8: 2106 daAuts
  Lair:1: 1956 daAuts
    D:11: 1888 daAuts
  Lair:2: 1755 daAuts
     D:6: 1529 daAuts
    D:13: 1313 daAuts
     D:7: 1282 daAuts
     D:1: 1081 daAuts
     D:3: 1025 daAuts
     D:4: 936 daAuts
     D:2: 851 daAuts
     D:5: 732 daAuts
     D:9: 596 daAuts
